 Dungeon Crawl Stone Soup version 0.28.0-53-g5a82cb258f (console) character file.

Game seed: 14836236940742976462

2918 erker the Geomancer (level 9, -9/51 HPs)
             Began as an Octopode Earth Elementalist on July 9, 2022.
             Was a Believer of Cheibriados.
             Shot with a bolt by an orc warrior (27 damage)
             ... in a bailey on July 10, 2022.
             The game lasted 01:01:10 (10331 turns).

erker the Geomancer (Octopode Earth Elementalist)  Turns: 10331, Time: 01:01:10

Health: -9/51      AC:  1    Str: 12    XL:     9   Next: 79%
Magic:  12/12      EV: 28    Int: 26    God:    Cheibriados [**....]
Gold:   427        SH:  0    Dex: 18    Spells: 0/12 levels left

rFire   . . .      SeeInvis .   a - +0 dagger
rCold   . . .      Faith    .   (no shield)
rNeg    . . .      Spirit   .   (helmet restricted)
rPois   .          Reflect  .   q - amulet of the acrobat
rElec   .          Harm     .   i - ring of wizardry
rCorr   .          Rampage  .   (no ring)
Will    .....                   (no ring)
Stlth   ++++......              (no ring)
HPRegen 0.17/turn               (no ring)
MPRegen 0.13/turn               (no ring)
                                (no ring)
                                (no ring)

@: acrobatic, invisible, very slow
A: almost no armour, amphibious, 8 rings, camouflage 1, gelatinous body 1,
(nimble swimmer 1), tentacles
a: Renounce Religion, Bend Time


You were in a bailey.
You worshipped Cheibriados.
Cheibriados was pleased with you.
You visited 2 branches of the dungeon, and saw 10 of its levels.
You also visited: Bailey.

You collected 469 gold pieces.
You spent 42 gold pieces at shops.

Inventory:

Hand Weapons
 a - a +0 dagger (weapon)
 u - a +0 short sword
 C - a +0 spear
Missiles
 c - 153 stones
 d - 20 poisoned darts
 l - 63 sling bullets
 p - 30 bolts
 t - 61 arrows
 y - 4 boomerangs (quivered)
 z - a throwing net
Magical Staves
 b - a staff of earth
Jewellery
 i - a ring of wizardry (left tentacle)
 q - an amulet of the acrobat (around mantle)
Wands
 g - a wand of flame (2)
 v - a wand of digging (5)
Scrolls
 h - 2 scrolls of magic mapping
 k - 2 scrolls of vulnerability
 r - a scroll of immolation {unknown}
 s - a scroll of fear {unknown}
 w - a scroll of teleportation
 B - a scroll of fog {unknown}
Potions
 e - 2 potions of ambrosia
 j - a potion of mutation {unknown}
 m - a potion of curing {unknown}
 n - a potion of resistance {unknown}
 o - a potion of heal wounds
 x - a potion of lignification {unknown}
 A - 2 potions of haste {unknown}


   Skills:
 - Level 4.0 Short Blades
 - Level 2.0 Dodging
 - Level 6.0 Stealth
 + Level 2.2 Spellcasting
 - Level 2.0 Translocations
 - Level 8.0 Transmutations
 - Level 8.0 Earth Magic
 - Level 2.0 Poison Magic
 - Level 4.0 Invocations


You couldn't memorise any spells.
You knew the following spells:

 Your Spells              Type           Power      Damage    Failure   Level
a - Sandblast             Erth           88%        2d18      1%          1
b - Blink                 Tloc           26%        N/A       2%          2
p - Petrify               Tmut/Erth      44%        N/A       1%          4
s - Spider Form           Tmut/Pois      28%        N/A       1%          3
w - Passwall              Tmut/Erth      36%        N/A       1%          2

Your spell library contained the following spells:

 Spells                   Type           Power      Damage    Failure   Level
 Beastly Appendage        Tmut           88%        N/A       1%          1
 Wereblood                Tmut           44%        N/A       1%          2
 Stone Arrow              Conj/Erth      46%        3d9       2%          3
 Corpse Rot               Necr/Air       4%         N/A       6%          2
 Scorch                   Fire           4%         2d5       6%          2
 Dispel Undead            Necr           2%         3d7       38%         4
 Flame Wave               Conj/Fire      2%         2d4       38%         4
 Manifold Assault         Tloc           13%        N/A       43%         5
 Death Channel            Necr           1%         N/A       99%         6
 Summon Cactus Giant      Summ           1%         N/A       99%         6
 Storm Form               Tmut/Air       11%        N/A       99%         7


Dungeon Overview and Level Annotations

Branches:
Dungeon (9/15)             Temple (1/1) D:6          Bailey (1/1)
   Lair: D:8-11         Orc: D:9-12

Altars:
Ashenzari
Cheibriados
Dithmenos
Elyvilon
Fedhas
Gozag
Hepliaklqana
Kikubaaqudgha
Makhleb
Nemelex Xobeh
Okawaru
Qazlal
Ru
Sif Muna
Trog
Uskayaw
Vehumet
Wu Jian
Yredelemnul
Zin
The Shining One

Shops:
D:3 *   D:4 *   D:7 *

Annotations:
D:2 Sigmund, Terence


Innate Abilities, Weirdness & Mutations

You cannot wear most types of armour.
You are amphibious.
You can wear up to eight rings at the same time.
Your skin changes colour to match your surroundings (Stealth+).
Your rubbery body absorbs attacks. (AC +1, EV +1)
((You are camouflaged when in or above water. (Stealth+)))
You have tentacles for arms and can constrict up to eight enemies at once.


Message History

You close the gate, pushing everything out of the way.
You start resting.
HP restored.
You start resting.
Magic restored.
There is a flagged portal here.
The world spins around you as you enter the gateway.
You enter a bailey!
Found a gate leading back out of this place.
There is an empty arch of ancient stone here. 3 orcs and an orc warrior come into view.
Found a gate leading back out of this place.
An orc warrior comes into view. It is wielding a +0 arbalest.
There is a gate leading back out of this place here.
There is an empty arch of ancient stone here.
Unknown command.
Unknown command.
Unknown command.
Unknown command.
Unknown command.
Unknown command.
Okay, then.
Unknown command.
Unknown command.
Unknown command.
Unknown command.
Unknown command.
The orc shouts!
The orc warrior shouts!
The orc shouts!
The orc warrior shouts!
The orc warrior shoots a bolt.
The bolt hits you!
You fade into invisibility!
The orc warrior shoots a bolt.
The bolt barely misses you.
The orc warrior shoots a bolt.
The orc warrior shoots a bolt. x2
The orc warrior shoots a bolt.
The bolt completely misses you.
The orc shoots a bolt.
The orc warrior shoots a bolt.
The orc shoots a bolt.
The orc warrior shoots a bolt.
The bolt hits you!!
The orc warrior shoots a bolt.
The bolt hits you!!
Ouch! That really hurt!
You die...

#################
#∩.@.............
#.∩..............
#................
#................
#......≈≈≈≈≈.....
#...oo≈≈###≈≈....
#.....≈##o##≈....
#.....≈#.........
#.....≈##.∩#≈....


You could see an orc warrior and an orc.

Vanquished Creatures
  A steam dragon (D:7)
  A black bear (D:6)
  An orc warrior (D:8)
  3 sky beasts
  A hornet zombie (D:8)
  2 necrophages
  3 ogres
  A centaur (D:8)
  A phantom (D:4)
  A bullfrog (D:8)
  A kobold brigand (D:8)
  2 scorpions (D:4)
  A gnoll sergeant (D:6)
  A wyvern zombie (D:8)
  2 jellies
  A water moccasin skeleton (D:6)
  3 killer bees (D:8)
  5 wights (D:5)
  A howler monkey (D:6)
  A hound (D:6)
  A centaur zombie (D:6)
  3 bullfrog skeletons
  4 centaur skeletons
  A gnoll shaman (D:7)
  2 orc priests
  An iguana (D:6)
  2 orc wizards
  11 gnolls
  A howler monkey zombie (D:6)
  7 adders
  A howler monkey skeleton (D:4)
  A shadow imp (D:7)
  3 white imps
  An ufetubus (D:6)
  A worm (D:2)
  4 dart slugs
  25 orcs
  11 ball pythons
  5 bats
  5 endoplasms
  3 giant cockroaches
  10 goblins
  9 hobgoblins
  4 jackals (D:4)
  13 kobolds
  2 quokkas (D:1)
  4 frilled lizards
  9 rats
177 creatures vanquished.

Notes
Turn   | Place    | Note
-------+----------+-------------------------------------------
     0 | D:1      | erker the Octopode Earth Elementalist began the quest for
                  | the Orb.
     0 | D:1      | Reached XP level 1. HP: 11/11 MP: 3/3
   276 | D:1      | Reached XP level 2. HP: 9/17 MP: 1/5
   516 | D:1      | Reached skill level 1 in Short Blades
   527 | D:1      | Learned a level 2 spell: Passwall
   851 | D:1      | Reached XP level 3. HP: 21/21 MP: 6/6
  1351 | D:1      | Found a faded altar of an unknown god.
  1389 | D:2      | Noticed Terence
  1515 | D:2      | Noticed Sigmund
  1522 | D:2      | HP: 1/21 [something (10)]
  2285 | D:3      | Reached XP level 4. HP: 16/27 MP: 3/7
  2405 | D:3      | Learned a level 2 spell: Blink
  2516 | D:3      | Found Siavajic's Assorted Antiques.
  2731 | D:3      | Noticed an ogre
  2918 | D:3      | Reached skill level 1 in Translocations
  3543 | D:3      | Killed an ogre
  3544 | D:3      | Reached XP level 5. HP: 31/31 MP: 8/8
  3631 | D:4      | Found an opulent altar of Gozag.
  3633 | D:4      | Found Gozag's Platinum Reserve.
  3633 | D:4      | Noticed an ogre
  3661 | D:4      | Killed an ogre
  3662 | D:4      | Reached XP level 6. HP: 36/36 MP: 7/9
  3691 | D:4      | Found a broken altar of Ashenzari.
  4019 | D:4      | Reached skill level 5 in Earth Magic
  4167 | D:4      | Reached XP level 7. HP: 41/41 MP: 7/10
  4644 | D:5      | Entered Level 5 of the Dungeon
  4876 | D:5      | Learned a level 4 spell: Petrify
  5195 | D:5      | Reached skill level 5 in Transmutations
  5346 | D:5      | Reached XP level 8. HP: 37/46 MP: 8/11
  6294 | D:6      | Reached skill level 5 in Stealth
  6630 | D:6      | Found a staircase to the Ecumenical Temple.
  7010 | Temple   | Entered the Ecumenical Temple
  7323 | Temple   | Became a worshipper of Cheibriados the Contemplative
  7920 | D:6      | Found a blossoming altar of Fedhas.
  8227 | D:7      | Reached XP level 9. HP: 43/51 MP: 7/12
  8331 | D:7      | Learned a level 3 spell: Spider Form
  8441 | D:7      | Reached skill level 1 in Poison Magic
  8446 | D:7      | Found Pysoniu's General Store.
  8452 | D:7      | Bought a scroll of teleportation for 42 gold pieces
  9073 | D:7      | Reached * piety under Cheibriados
  9478 | D:8      | Reached skill level 1 in Invocations
  9804 | D:8      | Reached ** piety under Cheibriados
 10239 | D:9      | Found a flagged portal.
 10292 | Bailey   | Entered a bailey
 10331 | Bailey   | Shot with a bolt by an orc warrior

Illustrated notes

Levels and vault maps discovered:
D:1:      nicolae_arrival_washed_ashore, layout_loops_ring,
          hellmonk_ecumenical_altar_inner_sanctum, st_stairs_9
D:2:      layout_rooms, serial_bayou_pond_a, uniq_terence, uniq_sigmund
D:3:      minmay_bubble_buster, layout_basic, serial_shops, shop
D:4:      layout_cave_pools, nicolae_gozag_zags_fifth_avenue,
          nicolae_ashenzari_panopticon
D:5:      layout_gridville
D:6:      layout_basic, fedhas_altar_fruit_tree, minmay_temple_entry_glass,
          corexii_leaking_fountain, kennysheep_pointless_box
D:7:      layout_basic, serial_shops, shop
D:8:      layout_loops_ring
D:9:      layout_big_octagon, enter_bailey_4, chequers_serial_rivers_room_a
Temple:   dpeg_five_rooms_temple
Bailey:   bailey_polearm_2, bailey

Skill      XL: |  1  2  3  4  5  6  7  8  9 |
---------------+----------------------------+-----
Stealth        | 3 4 6 |  6.0
Short Blades   | 1 2 4 |  4.0
Translocations | 2 |  2.0
Earth Magic    | 4 5 6 7 8 |  8.0
Transmutations | 2 3 4 5 6 8 |  8.0
Poison Magic   | 2 |  2.0
Invocations    | 4 |  4.0
Dodging        | |  2.0
Spellcasting   | |  2.2

Action                   |  1- 3 |  4- 6 |  7- 9 || total
-------------------------+-------+-------+-------++-------
Melee: Short sword       |    29 |    21 |       ||    50
       Unarmed           |     1 |       |    11 ||    12
       Constrict         |     9 |    10 |    25 ||    44
       Dagger            |    22 |    25 |    80 ||   127
       Tentacles         |     6 |     8 |    28 ||    42
       Punch             |       |       |     2 ||     2
       Staff             |       |       |    10 ||    10
Throw: Stone             |       |       |     1 ||     1
       Boomerang         |       |       |     2 ||     2
       Dart              |       |       |     1 ||     1
 Cast: Sandblast         |    22 |    24 |   118 ||   164
       Passwall          |     5 |     5 |    23 ||    33
       Petrify           |       |       |     7 ||     7
       Spider Form       |       |       |     2 ||     2
Evoke: Wand              |       |    13 |    19 ||    32
  Use: Potion            |     1 |       |     2 ||     3
       Scroll            |       |       |     6 ||     6
 Stab: Sleeping          |    17 |     4 |    17 ||    38
       Petrified         |       |       |     7 ||     7
       Petrifying        |       |       |     1 ||     1
Armor: Skin              |     4 |     2 |     6 ||    12
Dodge: Dodged            |    21 |    37 |   105 ||   163
